Map: Cyber Forest LE

Players

LiquidTLO (TLO)

  • Race: Zerg Zerg
  • League: Grandmaster
  • Spawn Location: 11:00

SortOf - Winner!

  • Race: Zerg Zerg
  • League: Master
  • Spawn Location: 5:00

Event: HomeStory Cup XIX

VOD

Have the link to the VOD?

Description

Time

  • Played on: June 27, 2019, 4:51 p.m.
  • Length: 7:51

All games in this series

Show
View Real Time Build Order
Export as new Build Order

LiquidTLO Zerg 

Build Orders: Pool Only 

Get SALT Encoding   

  12  0:17  Spawning Pool  
  11  0:21  Drone  
  11  0:27  Drone  
  13  0:31  Drone  
  14  0:40  Overlord  
  14  1:04  Zergling x4  
  16  1:05  Zergling x2  
  17  1:15  Zergling x2  
  18  1:26  Zergling x2  
  19  1:37  Zergling x2  
  20  1:52  Spine Crawler  
  20  1:53  Spine Crawler  
  18  2:07  Spine Crawler  
  17  2:23  Drone  
  18  2:39  Drone  
  19  2:54  Drone  
  19  3:06  Drone  
  19  3:10  Drone  
  21  3:31  Queen, Extractor  
  22  3:36  Spine Crawler  
  22  3:38  Zergling x2  
  22  3:45  Overlord  
  22  3:52  Spine Crawler  
  22  4:01  Zergling x2  
  22  4:02  Overlord  
  22  4:05  Zergling x2  
  23  4:13  Drone  
  23  4:22  Extractor  
  18  4:24  Drone  
  19  4:33  Drone  
  20  4:39  Drone  
  20  4:40  Drone x2  
  23  4:49  Zergling x2  
  24  4:59  Drone  
  24  5:05  Extractor, Roach Warren  
  22  5:08  Drone  
  23  5:15  Queen  
  25  5:27  Overlord  
  25  5:39  Overlord  
  25  5:44  Roach  
  25  5:45  Roach x2  
  25  5:48  Roach  
  33  5:58  Roach  
  35  6:09  Ravager  
  35  6:10  Ravager  
  37  6:12  Roach  
  37  6:13  Roach  
  41  6:22  Zergling x2  
  41  6:24  Ravager  
  43  6:31  Overlord  
  43  6:34  Roach  
  45  6:49  Roach  
  45  6:50  Overlord, Ravager  
  47  6:58  Roach  
  49  7:06  Roach  
  51  7:10  Ravager  
  52  7:20  Roach  
  53  7:41  Ravager  
Show
View Real Time Build Order
Export as new Build Order

SortOf Zerg - Winner!

Build Orders: Hatch First 

Get SALT Encoding   

  12  0:02  Drone  
  13  0:12  Overlord  
  13  0:17  Drone  
  14  0:30  Drone  
  14  0:31  Drone  
  16  0:49  Hatchery  
  15  0:52  Drone  
  15  0:55  Drone  
  17  0:58  Drone  
  18  1:08  Extractor  
  17  1:15  Spawning Pool  
  17  1:17  Drone  
  17  1:20  Drone  
  18  1:28  Drone  
  19  1:36  Evolution Chamber x2  
  17  1:40  Evolution Chamber  
  16  2:02  Spine Crawler x2  
  16  2:04  Zergling x6  
  16  2:07  Spine Crawler  
  16  2:10  Spine Crawler  
  15  2:16  Spine Crawler  
  15  2:20  Zergling x2  
  15  2:28  Zergling x2  
  15  2:39  Zergling x2  
  16  2:55  Zergling x2  
  17  3:09  Zergling x4  
  19  3:18  Queen  
  21  3:29  Drone  
  22  3:43  Overlord  
  22  4:09  Drone x3  
  22  4:28  Drone x2  
  24  4:32  Drone, Hatchery  
  24  4:38  Drone x2  
  27  4:45  Drone  
  27  4:57  Overlord  
  27  5:04  Queen  
  27  5:06  Drone  
  30  5:12  Metabolic Boost  
  30  5:17  Drone  
  31  5:21  Drone  
  31  5:25  Drone  
  33  5:30  Zergling x2  
  34  5:37  Drone x3  
  37  5:50  Drone x2  
  38  6:00  Drone x2  
  37  6:10  Queen  
  38  6:12  Zergling x2  
  38  6:14  Zergling x2  
  38  6:18  Zergling x4  
  42  6:22  Overlord  
  42  6:25  Zergling x2  
  43  6:28  Zergling x2  
  43  6:31  Overlord  
  44  6:49  Queen x2  
  44  6:51  Zergling x8  
  51  6:56  Zergling x2  
  51  7:00  Overlord  
  52  7:08  Spine Crawler  
  52  7:09  Overlord x2  
  52  7:10  Spine Crawler  
  52  7:14  Zergling x4  
  51  7:18  Zergling x4  
  52  7:23  Zergling x8  
  52  7:28  Zergling x2  
Tags
 
Add a new tag
Caveats
  • Supply blocks, unpowered buildings, or Contaminate may cause inaccurate times.
  • Supply counts are checked every 10 seconds.